 Dungeon Crawl Stone Soup version 0.27-a0-1090-gb115f176c6 (webtiles) character file.

Game seed: 11986102250176946117

221 dolemite99 the Cutter (level 5, -2/45 HPs)
             Began as a Minotaur Fighter on Apr 28, 2021.
             Was a Follower of Uskayaw.
             Slain by a scorpion (6 damage)
             ... on level 4 of the Dungeon.
             The game lasted 00:03:29 (3044 turns).

dolemite99 the Cutter (Minotaur Fighter)            Turns: 3044, Time: 00:03:29

Health: -2/45      AC:  6    Str: 22    XL:     5   Next: 65%
Magic:  4/4        EV:  9    Int:  5    God:    Uskayaw [*.....]
Gold:   107        SH:  0    Dex:  9    Spells: 4/4 levels left

rFire    . . .     SeeInvis .   a - +0 rapier
rCold    . . .     Faith    .   (no shield)
rNeg     . . .     Spirit   .   b - +0 scale mail
rPois    .         Reflect  .   (helmet restricted)
rElec    .         Harm     .   (no cloak)
rCorr    .         Rampage  .   (no gloves)
Will     .....                  (no boots)
Stlth    ..........             (no amulet)
HPRegen  0.15/turn              (no ring)
MPRegen  0.09/turn              (no ring)

@: lethally poisoned (-2 -> -26)
A: horns 2, retaliatory headbutt
a: Renounce Religion, Stomp


You were on level 4 of the Dungeon.
You worshipped Uskayaw.
Uskayaw was noncommittal.
You visited 1 branch of the dungeon, and saw 4 of its levels.

You collected 107 gold pieces.

Inventory:

Hand Weapons
 a - a +0 rapier (weapon)
Missiles
 f - 44 sling bullets
 i - 13 stones (quivered)
 j - 20 bolts
 m - 5 boomerangs
 n - 67 arrows
Armour
 b - a +0 scale mail (worn)
 c - a +0 kite shield
Wands
 o - a wand of polymorph (7)
Scrolls
 d - a scroll of fear {unknown}
 g - 3 scrolls of teleportation
 k - 2 scrolls of identify {@r1}
 l - 2 scrolls of noise {unknown}
Potions
 e - a potion of brilliance {unknown}
 h - a potion of flight {unknown}
 p - a potion of curing {unknown}


   Skills:
 - Level 3.6 Fighting
 + Level 6.6 Short Blades
 - Level 3.6 Armour
 - Level 3.6 Shields


You had 4 spell levels left.
You didn't know any spells.
Your spell library contained the following spells:

 Spells                   Type           Power      Damage    Failure   Level
 Magic Dart               Conj           0%         1d3       80%         1
 Searing Ray              Conj           0%         3d3       90%         2
 Dazzling Flash           Conj/Hex       0%         N/A       99%         3
 Fulminant Prism          Conj/Hex       0%         3d6       100%        4
 Iskenderun's Mystic Bla  Conj/Tloc      0%         2d3       100%        4


Dungeon Overview and Level Annotations

Branches:
Dungeon (4/15)
 Temple: D:4-7

Altars:
Cheibriados
Elyvilon
Nemelex Xobeh
Okawaru
Qazlal
Uskayaw

Annotations:
D:3 Ijyb


Innate Abilities, Weirdness & Mutations

You have a pair of horns on your head.
You reflexively headbutt those who attack you in melee.


Message History

The kobold hits you with a +0 short sword.
You closely miss the kobold. The kobold hits you but does no damage.
You hit the kobold.
The kobold is heavily wounded.
The kobold misses you.
You hit the kobold.
The kobold is severely wounded.
The kobold hits you with a +0 short sword.
You hit the kobold.
You kill the kobold!
No target in view!
A scorpion comes into view.
Things that are here:
a +0 short sword; 4 stones; 2 sapphire potions You throw a stone.
The stone hits the scorpion but does no damage.
You see here a stone.
You throw a stone. The stone barely misses the scorpion.
You barely miss the scorpion. The scorpion stings you.
You are poisoned.
The scorpion poisons you!
You closely miss the scorpion.
You feel very sick. The scorpion stings you.
You hit the scorpion but do no damage.
You feel sick. The scorpion stings you.
You are lethally poisoned!
The scorpion poisons you!
You closely miss the scorpion.
You feel very sick. The scorpion stings you!
* * * LOW HITPOINT WARNING * * *
You are more poisoned.
The scorpion poisons you!
You puncture the scorpion! Your headbutt misses the scorpion.
The scorpion is heavily wounded.
* * * LOW HITPOINT WARNING * * *
You feel very sick.
The scorpion stings you but does no damage.
The scorpion stings you.
You die...

..(..##................<.)...
.............###.......#.†)..
#.......##.....#.......##....
.......##..............#.....
.......(...#..#............#.
#(.###...#.#...........##.###
#....(..#####........#>####
#......(.......##....###
.....(.....s@#.#######
#......(.....###
#......)#...## ##......#####
####.### ##


You could see a scorpion.

Vanquished Creatures
  An orc priest (D:3)
  Jessica (D:2)
  A hound skeleton (D:4)
  Robin (D:2)
  5 adders
  A worm (D:2)
  A dart slug (D:4)
  2 orcs (D:3)
  6 ball pythons
  6 bats
  6 endoplasms
  3 giant cockroaches (D:2)
  10 hobgoblins
  10 jackals (D:1)
  3 quokkas
  5 frilled lizards (D:1)
  11 goblins
  9 kobolds
  6 rats
88 creatures vanquished.

Notes
Turn   | Place    | Note
-------+----------+-------------------------------------------
     0 | D:1      | dolemite99 the Minotaur Fighter began the quest for the
                  | Orb.
     0 | D:1      | Reached XP level 1. HP: 19/19 MP: 0/0
   146 | D:1      | Reached skill level 3 in Short Blades
   146 | D:1      | Reached XP level 2. HP: 18/26 MP: 1/1
   697 | D:1      | Reached XP level 3. HP: 31/31 MP: 2/2
   767 | D:1      | Reached skill level 4 in Short Blades
   821 | D:1      | Found a faded altar of an unknown god.
  1421 | D:2      | Noticed Jessica
  1427 | D:2      | Killed Jessica
  1428 | D:2      | Reached skill level 5 in Short Blades
  1428 | D:2      | Reached XP level 4. HP: 20/39 MP: 3/3
  1628 | D:2      | You fall into a shaft and drop 2 floors!
  1981 | D:2      | Noticed Robin
  2004 | D:2      | Killed Robin
  2005 | D:2      | Reached XP level 5. HP: 32/45 MP: 4/4
  2380 | D:3      | Found a hide-covered altar of Uskayaw.
  2380 | D:3      | Noticed a +0 falchion
  2380 | D:3      | Noticed a +0 spear
  2381 | D:3      | Noticed a +0 short sword
  2381 | D:3      | Noticed a +0 dagger
  2381 | D:3      | Noticed a +0 short sword
  2382 | D:3      | Noticed a +0 falchion
  2382 | D:3      | Noticed a +0 dagger
  2383 | D:3      | Noticed a +0 spear
  2384 | D:3      | Became a worshipper of Uskayaw the Reveller
  2409 | D:3      | Reached * piety under Uskayaw
  2411 | D:3      | Reached ** piety under Uskayaw
  2412 | D:3      | Reached skill level 6 in Short Blades
  2642 | D:3      | Found a sparkling altar of Nemelex Xobeh.
  2695 | D:3      | Found a white marble altar of Elyvilon.
  2698 | D:3      | Found an iron altar of Okawaru.
  2706 | D:3      | Found a snail-covered altar of Cheibriados.
  2837 | D:3      | Found a stormy altar of Qazlal.
  2896 | D:3      | Noticed Ijyb
  3044 | D:4      | Slain by a scorpion

Illustrated notes

Levels and vault maps discovered:
D:1:      giann_wishing_wells, layout_loops_ring,
          hellmonk_ecumenical_altar_arch_garden
D:2:      layout_rooms, uniq_robin, uniq_jessica
D:3:      layout_basic, nemelex_xobeh_ov_fountains_minmay,
          nicolae_qazlal_general_emergency, nicolae_uskayaw_en_pointe,
          grunt_temple_overflow_open, serial_shops, shop, shop_statue, shop,
          uniq_ijyb
D:4:      layout_cave_pools, lemuel_crystal_altar, uniq_menkaure

Skill      XL: |  1  2  3  4  5 |
---------------+----------------+-----
Short Blades   | 3 5 6 |  6.6
Fighting       | |  3.6
Armour         | |  3.6
Shields        | |  3.6

Action                   |  1- 3 |  4- 6 || total
-------------------------+-------+-------++-------
Melee: Rapier            |    96 |    97 ||   193
       Headbutt          |    18 |    10 ||    28
Throw: Stone             |     7 |    31 ||    38
  Use: Potion            |       |     2 ||     2
       Scroll            |       |     2 ||     2
Armor: Scale mail        |    62 |    36 ||    98
Dodge: Dodged            |    45 |    37 ||    82

Table legend: (Time is in decaauts)
 A = Elapsed time spent in this place.
 B = Non-inter-level travel time spent in this place.
 C = Inter-level travel time spent in this place.
 D = Time resting spent in this place.
 E = Time spent auto-exploring this place.
 F = Levels seen in this place.
 G = Mean time per level.
                   A        B        C        D        E       F      G
               +--------+--------+--------+--------+--------+-----+--------+
         Total |   3041 |   2974 |     67 |    904 |   1430 |   4 |  760.2 |
       Dungeon |   3041 |   2974 |     67 |    904 |   1430 |   4 |  760.2 |
               +--------+--------+--------+--------+--------+-----+--------+

Top non-repeatable levels by time:
     D:2: 1188 daAuts
     D:1: 1033 daAuts
     D:3: 595 daAuts
     D:4: 224 daAuts
